 Dungeon Crawl Stone Soup version 0.28-a0-991-g956f0ee3d5 (webtiles) character file.

Game seed: 4182657623854740328

28 ragingrage the Scratcher (level 3, -2/15 HPs)
             Began as a Felid Transmuter on Dec 4, 2021.
             Slain by a worm (10 damage)
             ... on level 2 of the Dungeon.
             The game lasted 00:01:15 (1488 turns).

ragingrage the Scratcher (Felid Transmuter)         Turns: 1488, Time: 00:01:15

Health: -2/15      AC:  1    Str:  6    XL:     3   Next: 0%
Magic:  6/7        EV: 18    Int: 14    God:
Gold:   18         SH:  0    Dex: 18    Spells: 5/6 levels left
                                        Lives:  0   Deaths: 0

rFire   . . .      SeeInvis +     - Unarmed
rCold   . . .      Faith    .   (shield unavailable)
rNeg    . . .      Spirit   .   (armour unavailable)
rPois   .          Reflect  .   (helmet unavailable)
rElec   .          Harm     .   (cloak unavailable)
rCorr   .          Rampage  .   (gloves unavailable)
Will    .....                   (boots unavailable)
Stlth   ++........              (no amulet)
HPRegen 0.05/turn               (no ring)
MPRegen 0.10/turn               (no ring)

@: appendages, quick
A: horns 2, very small, claws 1, fangs 3, see invisible, speed 1, shaggy fur 1,
stealthy paws, no weapons or thrown items, no armour, multi-lived
a: End Transformation


You were on level 2 of the Dungeon.
You had temporarily grown beastly horns.
You visited 1 branch of the dungeon, and saw 2 of its levels.

You collected 18 gold pieces.

Inventory:

Scrolls
 c - 2 scrolls of amnesia {unknown}
 d - a scroll of fog {unknown}
 f - a scroll of teleportation {unknown}
 g - 3 scrolls of blinking {unknown}
Potions
 a - a potion of degeneration {unknown}
 b - a potion of haste {unknown}
 e - a potion of mutation {unknown}


   Skills:
 - Level 1.0 Fighting
 + Level 3.3 Dodging
 + Level 1.7 Stealth
 + Level 3.3 Unarmed Combat
 - Level 2.0 Spellcasting
 + Level 2.7 Transmutations


You had 5 spell levels left.
You knew the following spells:

 Your Spells              Type           Power      Damage    Failure   Level
a - Beastly Appendage     Tmut           18%        N/A       8%          1

Your spell library contained the following spells:

 Spells                   Type           Power      Damage    Failure   Level
 Wereblood                Tmut           9%         N/A       12%         2
 Spider Form              Tmut/Pois      5%         N/A       38%         3
 Ice Form                 Ice/Tmut       5%         N/A       80%         4


Dungeon Overview and Level Annotations

Branches:
Dungeon (2/15)

Altars:


Innate Abilities, Weirdness & Mutations

You have temporarily grown beastly horns.
You have sharp claws.
You have razor-sharp teeth.
You have supernaturally acute eyesight. (SInv)
You cover ground quickly. (Speed+)
You are covered in fur. (AC +1)
Your paws help you pounce on unaware monsters.
You are incapable of wielding weapons or throwing items.
You cannot wear armour.
You gain extra lives every three experience levels.


Message History

You see here a +0 dagger.
You closely miss the rat. Your bite misses the rat. The rat barely misses you.
You barely miss the rat. The rat bites you.
You are too injured to fight recklessly!
You are too injured to fight recklessly!
You are too injured to fight recklessly!
You are too injured to fight recklessly!
You are too injured to fight recklessly!
You are too injured to fight recklessly!
You are too injured to fight recklessly!
You are too injured to fight recklessly!
Your transformation is almost over.
You see here a +0 dagger.
You scratch the rat.
You kill the rat!
You have reached level 3!
Your experience leads to an increase in your attributes!
Increase (S)trength, (I)ntelligence, or (D)exterity?
You feel agile. x2
You see here a rat corpse.
Casting: Beastly Appendage (safe; 8% risk of failure)
Confirm with . or Enter, or press ? or * to list all spells.
You extend your transformation's duration.
You scratch the worm.
The worm is moderately wounded.
You scratch the worm.
The worm is moderately wounded.
The worm closely misses you.
You barely miss the worm.
The worm is moderately wounded.
You barely miss the worm.
The worm is moderately wounded.
The worm bites you.
You claw the worm! You bite the worm.
The worm is severely wounded.
You scratch the worm but do no damage. You headbutt the worm.
The worm is almost dead.
The worm bites you!
Ouch! That really hurt!
You die...

##...#### #
##.......## .#
##....♣♣♣..# .##
######....♣♣
♣♣.. #..
.........♣♣ ♣♣.
#.. ######^.♣♣
♣♣ #.. ##.♣♣ ♣
.###.#.######..♣
#......w@).....♣
#..###.#####...♣
... #...♣ ####
#.#.♣ ♣ #.#...
#.##... ... .###
..# .#


You could see a worm.

Vanquished Creatures
  3 dart slugs (D:1)
  2 bats
  2 endoplasms (D:1)
  A giant cockroach (D:1)
  3 goblins
  A hobgoblin (D:1)
  A quokka (D:1)
  5 ball pythons (D:1)
  2 frilled lizards (D:1)
  A rat (D:2)
21 creatures vanquished.

Notes
Turn   | Place    | Note
-------+----------+-------------------------------------------
     0 | D:1      | ragingrage the Felid Transmuter began the quest for the
                  | Orb.
     0 | D:1      | Reached XP level 1. HP: 9/9 MP: 4/4
   218 | D:1      | Reached skill level 1 in Stealth
   218 | D:1      | Reached XP level 2. HP: 9/12 MP: 4/6
  1481 | D:2      | Reached XP level 3. HP: 9/15 MP: 7/7
  1488 | D:2      | Slain by a worm

Illustrated notes

Levels and vault maps discovered:
D:1:      saegor_arrival_under_anarchy, layout_loops_cross, roderic_lattice_a
D:2:      layout_loops_ring, dilly_ecumenical_altar_fadedgnrine,
          hangedman_decor_diamond_cutter, uniq_natasha, uniq_crazy_yiuf_cottage

Skill      XL: |  1 |
---------------+----+-----
Dodging        | 3 |  3.3
Stealth        | 1 |  1.7
Fighting       | |  1.0
Unarmed Combat | |  3.3
Spellcasting   | |  2.0
Transmutations | |  2.7

Action                   || total
-------------------------++-------
Melee: Unarmed           ||    53
       Bite              ||     5
       Headbutt          ||     5
 Cast: Beastly Appendage ||    18
Armor: Skin              ||     3
Dodge: Dodged            ||    30

Table legend: (Time is in decaauts)
 A = Elapsed time spent in this place.
 B = Non-inter-level travel time spent in this place.
 C = Inter-level travel time spent in this place.
 D = Time resting spent in this place.
 E = Time spent auto-exploring this place.
 F = Levels seen in this place.
 G = Mean time per level.
                   A        B        C        D        E       F      G
               +--------+--------+--------+--------+--------+-----+--------+
         Total |   1306 |   1289 |     17 |      0 |   1118 |   2 |  653.0 |
       Dungeon |   1306 |   1289 |     17 |      0 |   1118 |   2 |  653.0 |
               +--------+--------+--------+--------+--------+-----+--------+

Top non-repeatable levels by time:
     D:1: 1239 daAuts
     D:2: 67 daAuts
